 Dungeon Crawl Stone Soup version 0.31-a0-236-g9a0961fb85 (webtiles) character file.

Game seed: 211593839516392198

683 qw the Skirmisher (level 7, -4/59 HPs)
             Began as a Minotaur Hexslinger on July 9, 2023.
             Slain by a gnoll sergeant
             ... wielding a +0 trident
              (8 damage)
             ... on level 5 of the Dungeon.
             The game lasted 00:01:16 (3147 turns).

qw the Skirmisher (Minotaur Hexslinger)             Turns: 3147, Time: 00:01:16

Health: -4/59      AC:  8    Str: 12    XL:     7   Next: 35%
Magic:  0/7        EV: 16    Int: 10    God:
Gold:   258        SH:  0    Dex: 15    Spells: 7/8 levels left

rFire   . . .        Y - +3 sling
rCold   . . .        (no shield)
rNeg    . . .        e - +0 ring mail
rPois   .            (helmet restricted)
rElec   .            (no cloak)
rCorr   .            i - +2 pair of gloves
SInv    .            (no boots)
Will    .....        g - amulet of guardian spirit
Stlth   +            b - +5 ring of evasion
HPRegen 0.29/turn    (no ring)
MPRegen 0.10/turn

%: guardian spirit
@: no status effects
A: horns 2, retaliatory headbutt
a: no special abilities


You were on level 5 of the Dungeon.
You visited 1 branch of the dungeon, and saw 5 of its levels.

You collected 258 gold pieces.


Innate Abilities, Weirdness & Mutations

You have a pair of horns on your head.
You reflexively headbutt those who attack you in melee.


   Skills:
 + Level 4.0 Fighting
 - Level 8.0 Ranged Weapons
 - Level 2.3 Armour
 - Level 2.1 Dodging
 - Level 1.0 Spellcasting
 - Level 2.0 Hexes


You had 7 spell levels left.
You knew the following spells:

 Your Spells              Type           Power      Damage    Failure   Level
a - Slow                  Hex            16%        N/A       32%         1

Your spell library contained the following spells:

 Spells                   Type           Power      Damage    Failure   Level
 Inner Flame              Hex/Fire       2%         N/A       83%         3
 Portal Projectile        Hex/Tloc       4%         N/A       83%         3
 Cause Fear               Hex            2%         N/A       97%         4

Inventory:

Hand Weapons
 Y - a +3 sling (weapon)
Armour
 e - a +0 ring mail (worn)
 i - a +2 pair of gloves (worn)
Jewellery
 b - a +5 ring of evasion (left hand)
 g - an amulet of guardian spirit (around neck)
Scrolls
 a - a scroll of identify
Potions
 d - a potion of resistance
 f - a potion of might

Dungeon Overview and Level Annotations

Branches:
Dungeon (5/15)
 Temple: D:4-7

Altars:


Message History

The sling bullet hits the gnoll sergeant but does no damage.
The gnoll sergeant is moderately wounded.
The gnoll sergeant hits you from afar with a +0 trident!
The gnoll hits you but does no damage.
The gnoll shoots an arrow.
The arrow hits you. The gnoll barely misses you.
The gnoll sergeant hits you from afar with a +0 trident.
3142 ||| DRINKING potion of heal wounds.
You feel much better.
The gnoll shoots an arrow.
The arrow misses you. The gnoll barely misses you.
The gnoll sergeant hits you but does no damage.
You shoot a sling bullet.
The sling bullet hits the gnoll sergeant!
The gnoll sergeant is severely wounded.
The gnoll shoots an arrow.
The arrow misses you.
The gnoll hits you from afar with a +0 spear.
The gnoll sergeant closely misses you.
You shoot a sling bullet.
The sling bullet barely misses the gnoll sergeant.
The sling bullet closely misses the gnoll.
The gnoll barely misses you.
The gnoll sergeant hits you from afar with a +0 trident!
The gnoll hits you from afar with a +0 spear.
The gnoll unwields a +0 orcbow.
The gnoll wields a +0 halberd.
The gnoll completely misses you.
You shoot a sling bullet.
The sling bullet hits the gnoll but does no damage.
The gnoll barely misses you. The gnoll closely misses you. x2
The gnoll sergeant hits you from afar with a +0 trident.
You shoot a sling bullet.
The sling bullet barely misses the gnoll.
The sling bullet hits the gnoll sergeant.
The gnoll sergeant is severely wounded.
The gnoll completely misses you. The gnoll closely misses you.
The gnoll sergeant completely misses you.
The gnoll hits you but does no damage. The gnoll hits you with a +0 halberd.
You shoot a sling bullet. The sling bullet hits the gnoll.
The gnoll is moderately wounded.
The gnoll hits you from afar with a +0 spear.
The gnoll sergeant hits you from afar with a +0 trident!
You die...

### +.# # # #.#. .. .
#.#.############ #..#.
#.#.............
#....####.##.....###..##
...#.g....##.....<....#
.....g.g.........#....##
#..gg.@%......[........
.....g#####.#.##......##
###'# #...####.#.## ..
###.#....#.# .
#..#.#.#'###
#.....).....
#########.......
#...............
#.......###.....


You could see a gnoll sergeant and 5 gnolls.

Vanquished Creatures
  An ogre (D:4)
  3 scorpions
  4 hounds
  2 jellies (D:5)
  2 iguanas (D:4)
  Terence (D:2)
  Ijyb (D:5)
  4 gnolls (D:4)
  2 adders (D:2)
  An ufetubus (D:5)
  2 worms (D:2)
  3 dart slugs
  An orc (D:2)
  4 ball pythons
  8 endoplasms
  7 giant cockroaches
  4 goblins
  6 hobgoblins
  3 jackals (D:4)
  4 kobolds
  A quokka (D:1)
  6 bats
  4 frilled lizards
  5 rats
79 creatures vanquished.

Notes
Turn   | Place    | Note
-------+----------+-------------------------------------------
     0 | D:1      | qw the Minotaur Hexslinger began the quest for the Orb.
     0 | D:1      | Reached XP level 1. HP: 16/16 MP: 1/1
     0 | D:1      | 0 ||| qw: Version: 0.3-a-51-g015441d
     0 | D:1      | 0 ||| qw: Game counter: 4451
     0 | D:1      | 0 ||| qw: Melee chars always use a shield: true
     0 | D:1      | 0 ||| qw: God list: Okawaru
     0 | D:1      | 0 ||| qw: Allow faded altars: false
     0 | D:1      | 0 ||| qw: Do Orc after clearing Dungeon:15 true
     0 | D:1      | 0 ||| qw: Do second Lair branch before Depths: true
     0 | D:1      | 0 ||| qw: Lair rune preference: random
     0 | D:1      | 0 ||| qw: Goals: Normal
     0 | D:1      | 0 ||| PLANNING D:1-11
   116 | D:1      | Reached skill level 3 in Ranged Weapons
   116 | D:1      | Reached XP level 2. HP: 22/23 MP: 2/2
   585 | D:1      | Reached XP level 3. HP: 29/29 MP: 3/3
   712 | D:1      | 712 ||| UPGRADING to +0 ring mail.
   722 | D:1      | 722 ||| DROPPING +0 robe.
   723 | D:1      | 723 ||| DROPPING scroll of poison.
   751 | D:2      | Noticed Terence
   760 | D:2      | Killed Terence
   761 | D:2      | Reached skill level 4 in Ranged Weapons
   773 | D:2      | 773 ||| FLEEEEING.
   774 | D:2      | 774 ||| FLEEEEING.
   775 | D:2      | 775 ||| FLEEEEING.
   803 | D:2      | 803 ||| FLEEEEING.
   950 | D:2      | Reached skill level 1 in Armour
   950 | D:2      | Reached XP level 4. HP: 35/36 MP: 4/4
  1042 | D:2      | 1042 ||| FLEEEEING.
  1043 | D:2      | 1043 ||| FLEEEEING.
  1044 | D:2      | 1044 ||| FLEEEEING.
  1045 | D:2      | 1045 ||| FLEEEEING.
  1046 | D:2      | 1046 ||| FLEEEEING.
  1047 | D:2      | 1047 ||| FLEEEEING.
  1048 | D:2      | 1048 ||| FLEEEEING.
  1049 | D:2      | 1049 ||| FLEEEEING.
  1050 | D:2      | 1050 ||| FLEEEEING.
  1051 | D:2      | 1051 ||| FLEEEEING.
  1052 | D:2      | 1052 ||| FLEEEEING.
  1053 | D:2      | 1053 ||| FLEEEEING.
  1054 | D:2      | 1054 ||| FLEEEEING.
  1055 | D:2      | 1055 ||| FLEEEEING.
  1056 | D:2      | 1056 ||| FLEEEEING.
  1268 | D:2      | Found a faded altar of an unknown god.
  1563 | D:2      | 1563 ||| UPGRADING to +0 pair of gloves.
  1568 | D:2      | 1568 ||| READING scroll labelled WOTETSUSTRA.
  1569 | D:2      | 1569 ||| READING scroll labelled GUAWYEMEPN.
  1570 | D:2      | 1570 ||| READING scroll labelled SYIRIA ANIOG.
  1571 | D:2      | 1571 ||| DRINKING 2 inky potions.
  1810 | D:3      | 1810 ||| FLEEEEING.
  1894 | D:3      | Reached skill level 5 in Ranged Weapons
  2130 | D:3      | 2130 ||| READING scroll labelled XOADA PANEMN.
  2131 | D:3      | 2131 ||| READING scroll labelled WURILA HAMU.
  2135 | D:3      | 2135 ||| READING 2 scrolls labelled VEMIBO PIKE.
  2136 | D:3      | 2136 ||| DRINKING 2 puce potions.
  2137 | D:3      | 2137 ||| READING 2 scrolls of identify.
  2137 | D:3      | 2137 ||| IDENTIFYING bubbling grey potion
  2138 | D:3      | 2138 ||| DROPPING scroll of revelation.
  2153 | D:4      | Noticed a scorpion
  2161 | D:4      | Reached skill level 3 in Fighting
  2161 | D:4      | Reached XP level 5. HP: 34/45 MP: 5/5
  2332 | D:4      | Reached skill level 6 in Ranged Weapons
  2427 | D:4      | Reached XP level 6. HP: 51/51 MP: 6/6
  2444 | D:4      | 2444 ||| READING scroll of enchant armour.
  2444 | D:4      | 2444 ||| ENCHANTING +0 pair of gloves.
  2701 | D:4      | Reached skill level 7 in Ranged Weapons
  2875 | D:4      | 2875 ||| READING scroll of enchant armour.
  2875 | D:4      | 2875 ||| ENCHANTING +1 pair of gloves.
  2880 | D:4      | 2880 ||| UPGRADING to amulet of guardian spirit.
  2885 | D:4      | 2885 ||| UPGRADING to +5 ring of evasion.
  2886 | D:4      | 2886 ||| READING scroll labelled AWEIPYV ITWAU.
  2887 | D:4      | 2887 ||| READING scroll labelled HOQYSE DUNIUD.
  2888 | D:4      | 2888 ||| READING 2 scrolls of identify.
  2888 | D:4      | 2888 ||| IDENTIFYING lumpy emerald potion
  2889 | D:4      | 2889 ||| DROPPING potion of brilliance.
  2912 | D:5      | Entered Level 5 of the Dungeon
  2925 | D:5      | 2925 ||| READING scroll of enchant weapon.
  2925 | D:5      | 2925 ||| ENCHANTING +2 sling.
  2934 | D:5      | Noticed Ijyb
  2952 | D:5      | Killed Ijyb
  2957 | D:5      | Reached XP level 7. HP: 25/59 MP: 4/7
  2967 | D:5      | Reached skill level 8 in Ranged Weapons
  3141 | D:5      | HP: 12/59 [gnoll sergeant/+0 trident (6)]
  3141 | D:5      | HP: 2/59 [gnoll sergeant/+0 trident (4)]
  3142 | D:5      | 3142 ||| DRINKING potion of heal wounds.
  3146 | D:5      | HP: 6/59 [gnoll/+0 halberd[a gnoll sergeant] (1)]
  3147 | D:5      | Slain by a gnoll sergeant

Levels and vault maps discovered:
D:1:      co_arrival_square_in_a_square_in_a_square, layout_basic,
          nicolae_the_louvre
D:2:      layout_loops_corners, hellmonk_ecumenical_altar_heavens_door,
          uniq_terence
D:3:      layout_basic
D:4:      layout_rooms, grunt_ministairs_10
D:5:      layout_basic, minmay_diced_spiral, uniq_ijyb

Skill      XL: |  1  2  3  4  5  6  7 |
---------------+----------------------+-----
Ranged Weapons | 3 4 5 6 7 8 |  8.0
Fighting       | 2 3 4 |  4.0
Armour         | 1 2 |  2.3
Dodging        | |  2.1
Spellcasting   | |  1.0
Hexes          | |  2.0

Action                     |  1- 3 |  4- 6 |  7- 9 || total
---------------------------+-------+-------+-------++-------
   Fire: Sling             |    91 |   167 |    34 ||   292
    Use: Scroll            |       |    13 |       ||    13
         Potion            |       |     2 |     1 ||     3
 Armour: Robe              |     3 |       |       ||     3
         Ring mail         |     8 |    25 |     6 ||    39
  Dodge: Dodged            |    24 |    73 |    31 ||   128

Table legend:
 A = Non-vault XP
 B = Vault XP
 C = Vault XP percentage of total XP
 D = Non-vault monster count
 E = Vault monster count
 F = Vault count percentage of total count
                 A         B        C        D         E       F
            +---------+---------+-------+---------+---------+-------
      Total |     779 |     198 |  20.3 |      74 |       5 |   6.3
            +---------+---------+-------+---------+---------+-------
        D:1 |      46 |       0 |   0.0 |      23 |       0 |   0.0
        D:2 |      54 |      36 |  40.0 |      14 |       1 |   6.7
        D:3 |      25 |       0 |   0.0 |      15 |       0 |   0.0
        D:4 |     397 |      85 |  17.6 |      17 |       2 |  10.5
        D:5 |     257 |      77 |  23.1 |       5 |       2 |  28.6
            +---------+---------+-------+---------+---------+-------
